 Dungeon Crawl Stone Soup version 0.21.1-1-g345015f (webtiles) character file.

294 Lorn the Shield-Bearer (level 6, -2/38 HPs)
             Began as a Gargoyle Fighter on Mar 11, 2018.
             Was a Follower of the Shining One.
             Slain by Pikel
             ... wielding a +2 whip of freezing
              (3 damage)
             ... on level 4 of the Dungeon.
             The game lasted 00:18:47 (2919 turns).

Lorn the Shield-Bearer (Gargoyle Fighter)           Turns: 2919, Time: 00:18:48

Health: -2/38      AC:  9    Str: 25    XL:     6   Next: 34%
Magic:  6/6        EV:  8    Int:  9    God:    the Shining One [*.....]
Gold:   161        SH: 12    Dex: 10    Spells: 5/5 levels left

rFire    . . .     SeeInvis .   a - +1 flail
rCold    . . .     Gourm    .   c - +2 shield
rNeg     + . .     Faith    .   b - +0 scale mail
rPois    ∞         Spirit   .   (no helmet)
rElec    +         Reflect  .   o - +0 cloak
rCorr    .         Harm     .   (no gloves)
MR       .....                  (no boots)
Stlth    ..........             l - amulet of magic regeneration
HPRegen  0.12/turn              n - -3 ring of protection
MPRegen  0.35/turn              (no ring)

@: mighty, glowing
A: negative energy resistance 1, electricity resistance, unbreathing,
petrification resistance, rot immunity, AC +4
a: Renounce Religion


You were on level 4 of the Dungeon.
You worshipped the Shining One.
The Shining One was aware of your devotion.
You were not hungry.

You visited 1 branch of the dungeon, and saw 4 of its levels.

You collected 161 gold pieces.

Inventory:

Hand Weapons
 a - a +1 flail (weapon)
Missiles
 j - 2 throwing nets (quivered)
Armour
 b - a +0 scale mail (worn)
 c - a +2 shield (worn)
 o - a +0 cloak (worn)
Jewellery
 l - an amulet of magic regeneration (around neck)
 n - a -3 ring of protection (left hand)
Wands
 p - a wand of random effects (20)
Scrolls
 e - 4 scrolls of identify
 g - 3 scrolls of teleportation
 i - a scroll of remove curse
Potions
 h - a potion of invisibility {unknown}
 k - a potion of ambrosia {unknown}
 m - a potion of degeneration {unknown}
Books
 q - a book of Changes

   Spells                             Type                      Level
   a - Beastly Appendage              Transmutation                1
   b - Sticks to Snakes               Transmutation                2
   c - Spider Form                    Transmutation/Poison         3
   d - Ice Form                       Ice/Transmutation            4
   e - Blade Hands                    Transmutation                5
Comestibles
 f - 7 rations
 r - 10 chunks of flesh


   Skills:
 + Level 3.6 Fighting
 + Level 3.8 Maces & Flails
 + Level 4.2 Armour
 + Level 1.7 Dodging
 + Level 0.2 Stealth
 + Level 5.0 Shields


You had 5 spell levels left.
You didn't know any spells.

Dungeon Overview and Level Annotations

Branches:
Dungeon (4/15)
 Temple: D:4-7

Altars:
Makhleb
Wu Jian
The Shining One

Annotations:
D:4 Pikel


Innate Abilities, Weirdness & Mutations

You are resistant to torment.
Your stone body is resilient. (AC +4)
You are immune to poison.
You resist negative energy. (rN+)
You are resistant to electric shocks. (rElec)
You can survive without breathing.
You are immune to petrification.
You are immune to rotting.


Message History

You block Pikel's attack.
You hit Pikel but do no damage.
Pikel is heavily wounded.
You block Pikel's attack. Pikel hits you with a whip of freezing.
* * * LOW HITPOINT WARNING * * *
Pikel freezes you.
* * * LOW HITPOINT WARNING * * *
You miss Pikel.
Pikel is heavily wounded.
You block Pikel's attack.
You miss Pikel.
Pikel is heavily wounded.
Pikel says, "You'll feel the lick of my whip!"
You block Pikel's attack.
You hit Pikel.
Pikel is heavily wounded.
Pikel hits you with a whip of freezing.
* * * LOW HITPOINT WARNING * * *
Pikel freezes you.
You die...

+..........# ..#
######...###...# ###'#
#.<.##...###...####...##
....÷#.....#...........#
...(.[.....#...........#
.....#.....+....p.[....#
#...##...###..##p##...##
######...###..##K######
...........@.....#
#............%....#
#.................#
##...##..###...##.# ###
#...# # ....'. .....#..
.....#... ##.##+# ##


You could see Pikel and 2 slaves.

Vanquished Creatures
  2 slaves (D:4)
  2 hounds (D:4)
  An orc wizard (D:3)
  Ijyb (D:3)
  Terence (D:2)
  5 adders
  3 worms
  4 dart slugs
  3 leopard geckos
  3 orcs (D:3)
  2 ball pythons
  5 giant cockroaches
  10 goblins
  7 hobgoblins
  2 jackals (D:4)
  17 kobolds
  12 bats
  4 frilled lizards
  7 rats
91 creatures vanquished.

Notes
Turn   | Place    | Note
-------+----------+-------------------------------------------
     0 | D:1      | Lorn the Gargoyle Fighter began the quest for the Orb.
     0 | D:1      | Reached XP level 1. HP: 14/14 MP: 1/1
   288 | D:1      | Reached XP level 2. HP: 18/19 MP: 2/2
   457 | D:1      | Reached XP level 3. HP: 13/23 MP: 3/3
   492 | D:1      | Reached skill level 4 in Shields
  1140 | D:2      | Reached XP level 4. HP: 22/28 MP: 4/4
  1232 | D:2      | Noticed Terence
  1290 | D:2      | Killed Terence
  1315 | D:2      | Found a burning altar of Makhleb.
  1564 | D:2      | Found a faded altar of an unknown god.
  1566 | D:2      | Became a worshipper of the Shining One
  1566 | D:2      | Reached * piety under the Shining One
  1808 | D:3      | Reached XP level 5. HP: 32/32 MP: 5/5
  1814 | D:3      | Reached skill level 1 in Dodging
  1909 | D:3      | Noticed Ijyb
  1930 | D:3      | Killed Ijyb
  2189 | D:3      | Found an ornate altar of the Wu Jian Council.
  2303 | D:3      | Reached skill level 5 in Shields
  2443 | D:3      | Reached XP level 6. HP: 28/37 MP: 6/6
  2812 | D:4      | Noticed a slave
  2813 | D:4      | Noticed a slave
  2832 | D:4      | Killed a slave
  2866 | D:4      | Noticed a slave
  2882 | D:4      | Killed a slave
  2888 | D:4      | Noticed Pikel
  2897 | D:4      | Noticed a slave
  2919 | D:4      | HP: 1/38 [Pikel/whip of freezing (6)]
  2919 | D:4      | Slain by Pikel

Skill      XL: |  1  2  3  4  5  6 |
---------------+-------------------+-----
Shields        | 4 5 |  5.0
Maces & Flails | 3 |  3.8
Dodging        | 1 |  1.7
Armour         | 4 |  4.2
Fighting       | |  3.6
Stealth        | |  0.2

Action                   |  1- 3 |  4- 6 || total
-------------------------+-------+-------++-------
Melee: Flail             |   155 |   227 ||   382
  Use: Scroll            |       |     7 ||     7
       Potion            |       |     1 ||     1
  Eat: Chunk             |     1 |     6 ||     7
Armor: Scale mail        |   135 |   172 ||   307
Dodge: Dodged            |    76 |   115 ||   191
Block: Shield            |   137 |   219 ||   356
